 Dungeon Crawl Stone Soup version 0.21-a0-404-g291f19a (webtiles) character file.

247 drevant the Skirmisher (level 5, 0/42 HPs)
             Began as a Demonspawn Abyssal Knight on Oct 30, 2017.
             Was a Believer of Lugonu.
             Slain by Grinder (3 damage)
             ... on level 3 of the Dungeon.
             The game lasted 00:05:15 (2556 turns).

drevant the Skirmisher (Demonspawn Abyssal Knight)  Turns: 2556, Time: 00:05:16

Health: 0/42       AC:  9    Str: 13    XL:     5   Next: 85%
Magic:  7/7        EV:  8    Int: 15    God:    Lugonu [**....]
Gold:   67         SH:  0    Dex: 13    Spells: 4/4 levels left

rFire    . . .     SeeInvis .   a - +1 hand axe
rCold    . . .     Gourm    .   (no shield)
rNeg     + . .     Faith    .   e - +0 chain mail {rN+}
rPois    .         Spirit   .   (helmet restricted)
rElec    .         Reflect  .   (no cloak)
rCorr    .         Harm     .   (no gloves)
MR       .....                  (no boots)
Stlth    ..........             (no amulet)
HPRegen  0.14/turn              (no ring)
MPRegen  0.10/turn              (no ring)

@: no status effects
A: antennae 1, repulsion field 1, clever 1, MP-powered wands
a: Depart the Abyss, Bend Space, Renounce Religion


You were on level 3 of the Dungeon.
You worshipped Lugonu.
Lugonu was pleased with you.
You were not hungry.

You visited 1 branch of the dungeon, and saw 3 of its levels.
You visited the Abyss 1 time.

You collected 67 gold pieces.

Inventory:

Hand Weapons
 a - a +1 hand axe (weapon)
 d - a +0 morningstar
Armour
 b - a +0 leather armour
 e - a +0 chain mail of positive energy (worn)
 q - a cursed -2 helmet
Scrolls
 f - a scroll of enchant armour {unknown}
 k - a scroll of remove curse {unknown}
 l - 2 scrolls of teleportation {unknown}
 m - a scroll of recharging {unknown}
 n - a scroll of fog {unknown}
 p - 2 scrolls of blinking {unknown}
Potions
 i - 2 potions of degeneration
 s - a potion of curing
Comestibles
 c - 2 bread rations
 g - a fruit
 h - a chunk of flesh
 o - a royal jelly


   Skills:
 + Level 4.1 Fighting
 * Level 4.0 Axes
 + Level 3.1 Armour
 - Level 1.2 Dodging
 - Level 2.8 Invocations


You had 4 spell levels left.
You didn't know any spells.

Dungeon Overview and Level Annotations

Branches:
Dungeon (3/15)

Altars:
Fedhas
Xom

Annotations:
D:3 Grinder


Innate Abilities, Weirdness & Mutations

You are surrounded by a mild repulsion field. (EV +2)
You have a pair of small antennae on your head.
Your mind is acute. (Int +2)
You expend magic power (3 MP) to strengthen your wands.


Message History

You barely resist.
Grinder blinks!
You hit Grinder.
Grinder is severely wounded.
Grinder gestures at you. Pain shoots through your body!
* * * LOW HITPOINT WARNING * * *
You hit Grinder.
Grinder is almost dead.
Grinder hits you but does no damage.
Your chain mail prevents you from hitting Grinder.
Grinder is almost dead.
Grinder hits you.
* * * LOW HITPOINT WARNING * * *
You writhe in agony.
* * * LOW HITPOINT WARNING * * *
You closely miss Grinder.
Grinder is almost dead.
Grinder hits you.
You die...

#(#.#.###.....#....
#.#.#.###........#.
#.#.......#.... ...
#.#.............###
#.#......###.###
#.####..## #. #.#
##.# #.######
#.#####.# ##.......
#.@5....# #.<......
#######.# #........
#.###........
#..##......รท.
##.##........
#.##........
#..##.......
#####...#.......
#.......#.......


You could see Grinder.

Vanquished Creatures
  The ghost of theanonym the Skirmisher, an amateur FoAK of Lugonu (D:3)
  Jessica (D:3)
  Terence (D:3)
  3 adders
  2 oozes
  An adder skeleton (D:3)
  3 worms
  A leopard gecko (D:1)
  4 orcs (D:3)
  7 bats
  4 giant cockroaches
  11 goblins
  4 hobgoblins (D:3)
  4 jackals (D:3)
  4 kobolds
  A quokka (D:3)
  A ball python (D:2)
  2 frilled lizards
  5 rats
60 creatures vanquished.

Notes
Turn   | Place    | Note
-------+----------+-------------------------------------------
     0 | Abyss:1  | drevant the Demonspawn Abyssal Knight began the quest for the Orb.
     0 | Abyss:1  | Reached XP level 1. HP: 18/18 MP: 2/2
    28 | Abyss:2  | Noticed a small abomination
    42 | Abyss:2  | Noticed a crystal guardian
    46 | D:1      | Escaped the Abyss
    99 | D:1      | Reached skill level 1 in Dodging
   111 | D:1      | Reached * piety under Lugonu
   129 | D:1      | Gained mutation: You are surrounded by a mild repulsion field. (EV +2) [demonic ancestry]
   129 | D:1      | Reached XP level 2. HP: 21/24 MP: 4/4
   692 | D:2      | Reached XP level 3. HP: 28/29 MP: 5/5
  1443 | D:2      | Found a shimmering altar of Xom.
  1621 | D:3      | Found a blossoming altar of Fedhas.
  1621 | D:3      | Noticed Terence
  1636 | D:3      | Killed Terence
  1636 | D:3      | Reached XP level 4. HP: 24/35 MP: 6/6
  1671 | D:3      | Reached ** piety under Lugonu
  1786 | D:3      | Noticed theanonym's ghost (amateur FoAK)
  1793 | D:3      | Killed theanonym's ghost
  1793 | D:3      | Reached XP level 5. HP: 42/42 MP: 7/7
  2261 | D:3      | Noticed Jessica
  2275 | D:3      | Killed Jessica
  2362 | D:3      | Noticed Grinder
  2511 | D:3      | Paralysed by Grinder for 7 turns
  2530 | D:3      | Paralysed by Grinder for 5 turns
  2538 | D:3      | Paralysed by Grinder for 2 turns
  2542 | D:3      | Paralysed by Grinder for 3 turns
  2545 | D:3      | Gained mutation: You have sharp fingernails. [potion of mutation]
  2545 | D:3      | Gained mutation: You are surrounded by a moderate repulsion field. (EV +3) [potion of mutation]
  2545 | D:3      | Gained mutation: You are frail. (-10% HP) [potion of mutation]
  2545 | D:3      | Gained mutation: Your spells are a little harder to cast, but a little more powerful. [potion of mutation]
  2548 | D:3      | Paralysed by Grinder for 2 turns
  2551 | D:3      | Lost mutation: You are frail. (-10% HP) [potion of mutation]
  2551 | D:3      | Lost mutation: Your spells are a little harder to cast, but a little more powerful. [potion of mutation]
  2551 | D:3      | Lost mutation: You have sharp fingernails. [potion of mutation]
  2551 | D:3      | Lost mutation: You are surrounded by a moderate repulsion field. (EV +3) [potion of mutation]
  2551 | D:3      | Gained mutation: You expend magic power (3 MP) to strengthen your wands. [potion of mutation]
  2551 | D:3      | Gained mutation: Your mind is acute. (Int +2) [potion of mutation]
  2551 | D:3      | Gained mutation: You have a pair of small antennae on your head. [potion of mutation]
  2555 | D:3      | HP: 2/42 [Grinder (1)]
  2556 | D:3      | Slain by Grinder

Vault maps used:
D:1:      kennysheep_arrival_forest, grunt_decor_clamped
D:2:      xom_teletrap_fun, kennysheep_decorative_pillar
D:3:      lemuel_crystal_altar, uniq_jessica, uniq_terence, uniq_grinder
Abyss:1:  gammafunk_abyss_exit_x_factor
Abyss:2:  onia_ninara_dug_in_and_dangerous

Skill      XL: |  1  2  3  4  5 |
---------------+----------------+-----
Dodging        | 1 |  1.2
Armour         | 2 3 |  3.1
Axes           | 2 3 4 |  4.0
Fighting       | 4 |  4.1
Invocations    | |  2.8

Action                   |  1- 3 |  4- 6 || total
-------------------------+-------+-------++-------
Melee: Hand axe          |   115 |   137 ||   252
Invok: Depart the Abyss  |     1 |       ||     1
  Use: Scroll            |     4 |     1 ||     5
       Potion            |     1 |     4 ||     5
  Eat: Fruit             |     2 |       ||     2
       Chunk             |     1 |     3 ||     4
Armor: Chain mail        |    61 |    94 ||   155
Dodge: Dodged            |    48 |    76 ||   124

Table legend:
 A = Spawn XP
 B = Non-spawn XP
 C = Spawn XP percentage of total XP
 D = Spawn monster count
 E = Non-spawn monster count
 F = Spawn count percentage of total count
 G = Total turns spent on level
                    A         B        C        D         E        F      G
               +---------+---------+-------+---------+---------+-------+---------
         Total |       0 |     353 |   0.0 |       0 |      60 |   0.0 |  2556
               +---------+---------+-------+---------+---------+-------+---------
           D:1 |       0 |      36 |   0.0 |       0 |      17 |   0.0 |   637
           D:2 |       0 |      49 |   0.0 |       0 |      15 |   0.0 |   946
           D:3 |       0 |     268 |   0.0 |       0 |      28 |   0.0 |   927
               +---------+---------+-------+---------+---------+-------+---------
